 Dungeon Crawl Stone Soup version 0.24-b1 (webtiles) character file.

Game seed: 11350606239223614623, levelgen mode: deterministic

8 CryoSword the Skirmisher (level 2, 24/24 HPs)
             Began as a Demonspawn Fighter on Oct 12, 2019.
             Quit the game on level 1 of the Dungeon.
             The game lasted 00:00:58 (152 turns).

CryoSword the Skirmisher (Demonspawn Fighter)        Turns: 152, Time: 00:00:59

Health: 24/24      AC:  6    Str: 16    XL:     2   Next: 0%
Magic:  2/2        EV:  9    Int:  9    God:
Gold:   12         SH:  0    Dex: 12    Spells: 1/1 levels left

rFire    . . .     SeeInvis .   a - +0 long sword
rCold    . . .     Gourm    .   (no shield)
rNeg     . . .     Faith    .   b - +0 scale mail
rPois    .         Spirit   .   (no helmet)
rElec    .         Reflect  .   (no cloak)
rCorr    .         Harm     .   (no gloves)
MR       .....                  (no boots)
Stlth    ..........             e - amulet of inaccuracy (curse)
HPRegen  0.08/turn              (no ring)
MPRegen  0.08/turn              (no ring)

@: no status effects
A: rot immunity
a: no special abilities


You were on level 1 of the Dungeon.
You were not hungry.

You visited 1 branch of the dungeon, and saw 1 of its levels.

You collected 12 gold pieces.

Inventory:

Hand Weapons
 a - a +0 long sword (weapon)
Armour
 b - a +0 scale mail (worn)
 c - a +0 shield
Jewellery
 e - a cursed amulet of inaccuracy (around neck)
   (You found it on level 1 of the Dungeon)
Scrolls
 g - a scroll of teleportation {unknown}
Potions
 d - a potion of might
Comestibles
 f - a ration {!d}


   Skills:
 + Level 3.1 Fighting
 * Level 2.1 Long Blades
 - Level 2.6 Armour
 + Level 2.8 Shields


You had one spell level left.
You didn't know any spells.
Your spell library was empty.

Dungeon Overview and Level Annotations

Branches:
Dungeon (1/15)

Altars:


Innate Abilities, Weirdness & Mutations

You are immune to rotting.


Message History

Welcome, CryoSword the Demonspawn Fighter.
Will you be the one to retrieve the fabled Orb of Zot from the depths?
Press ? for a list of commands and other information.
Found a staircase leading out of the dungeon.
Take off which item? (? for menu, Esc to quit)
You start removing your armour.
You continue taking off your +0 shield. x4
You finish taking off your +0 shield.
Setting a skill training target for Long Blades at 14.0.
Setting a skill training target for Shields at 15.0.
You open the door.
There is an open door here.
A frilled lizard and a goblin come into view.
The goblin shouts!
Found a stone staircase leading down.
There are monsters nearby!
There are monsters nearby!
There are monsters nearby!
You hit the goblin.
You kill the goblin!
You see here a dented steel amulet.
You barely miss the frilled lizard. The frilled lizard closely misses you.
You riposte.
You barely miss the frilled lizard. You slash the frilled lizard!
You kill the frilled lizard!
No target in view!
No target in view!
e - a dented steel amulet Oops, that amulet feels deathly cold.
e - a cursed amulet of inaccuracy (around neck)
Found a whip.
A leopard gecko comes into view.
The leopard gecko hisses angrily.
A leopard gecko is nearby!
A leopard gecko is nearby!
The leopard gecko misses you.
You slash the leopard gecko!
You kill the leopard gecko!
Your Long Blades skill increases to level 2!
No target in view!
No target in view!
Found 17 sling bullets.
You see here 17 sling bullets.
Found a hand axe and a hunting sling.
You now have 12 gold pieces.
A goblin comes into view.
The goblin shouts!
A goblin is nearby!
A goblin is nearby!
You see here a scroll labeled POECAG PUTUUMP.
A kobold comes into view. It is wielding a +0 short sword.
The kobold shouts!
You hear an angry hiss.
The goblin closely misses you.
You riposte.
You closely miss the goblin. You miss the goblin. The goblin barely misses you.
You hit the goblin.
You kill the goblin!
A frilled lizard comes into view.
You closely miss the kobold. The kobold closely misses you.
You riposte.
You barely miss the kobold.
Your scale mail prevents you from hitting the kobold.
The kobold completely misses you.
You closely miss the kobold.
The kobold hits you with a +0 short sword.
The kobold closely misses you.
You barely miss the kobold. The kobold barely misses you.
A rat comes into view.
You miss the kobold. The kobold closely misses you.
You slash the kobold!
You kill the kobold!
The frilled lizard bites you but does no damage.
You hit the frilled lizard.
You kill the frilled lizard!
Found a dagger.
You see here a +0 short sword.
You completely miss the rat. The rat bites you but does no damage.
You slash the rat!
You kill the rat!
No target in view!
g - a scroll labeled POECAG PUTUUMP
Found a chain mail.
A frilled lizard comes into view.
The frilled lizard hisses angrily.
Found 3 amethyst potions.
A frilled lizard is nearby!
A frilled lizard is nearby!
You miss the frilled lizard.
The frilled lizard bites you but does no damage.
You closely miss the frilled lizard. The frilled lizard barely misses you.
You riposte.
You closely miss the frilled lizard. You closely miss the frilled lizard.
The frilled lizard bites you but does no damage.
You barely miss the frilled lizard. The frilled lizard barely misses you.
The frilled lizard completely misses you.
You riposte.
You slash the frilled lizard!
You kill the frilled lizard!
You have reached level 2!
Your demonic ancestry asserts itself...
You feel immune to rotting.
Are you sure you want to abandon this character and quit the game? (Confirm with "yes".)

.......).#.##.####.......
..............# #.###.#.
..............####.# #.#.
...................# #...
..............###### ###.
.......#......# ##### #.
.##...#######.# #...###.
#...#######.# #'#.....
#.@.....# #.######
#...####### #.# ....[..
#.# ....... ##.## ..#..!.
#####...##### # ##...
+.....<.....+ ##.#
##.........## #.
##.......## ##.....##


There were no monsters in sight!

Vanquished Creatures
  A leopard gecko (D:1)
  2 goblins (D:1)
  3 frilled lizards (D:1)
  A kobold (D:1)
  A rat (D:1)
8 creatures vanquished.

Notes
Turn   | Place    | Note
-------+----------+-------------------------------------------
     0 | D:1      | CryoSword the Demonspawn Fighter began the quest for the
                  | Orb.
     0 | D:1      | Reached XP level 1. HP: 18/18 MP: 1/1
   151 | D:1      | Gained mutation: You are immune to rotting. [demonic
                  | ancestry]
   151 | D:1      | Reached XP level 2. HP: 24/24 MP: 2/2
   152 | D:1      | Quit the game

Skill      XL: |  1 |
---------------+----+-----
Long Blades    | 2 |  2.1
Fighting       | |  3.1
Armour         | |  2.6
Shields        | |  2.8

Action                   || total
-------------------------++-------
Melee: Long sword        ||    19
Armor: Scale mail        ||     4
Dodge: Dodged            ||    12
       Rpst.: Long sword ||     5
